 Dungeon Crawl Stone Soup version 0.21-a0-529-g8c7b3f5 (webtiles) character file.

424 slep the Chopper (level 6, -4/47 HPs)
             Began as a Demonspawn Gladiator on Dec 12, 2017.
             Killed from afar by an orc wizard (5 damage)
             ... with a magic dart
             ... on level 4 of the Dungeon.
             The game lasted 00:09:48 (2435 turns).

slep the Chopper (Demonspawn Gladiator)             Turns: 2435, Time: 00:09:49

Health: -4/47      AC:  5    Str: 16    XL:     6   Next: 64%
Magic:  6/6        EV: 12    Int: 10    God:
Gold:   139        SH:  4    Dex: 14    Spells: 5/5 levels left

rFire    + . .     SeeInvis .   h - +0 hand axe (freeze)
rCold    . . .     Gourm    .   q - +0 buckler
rNeg     . . .     Faith    .   y - +0 leather armour {rF+}
rPois    .         Spirit   .   v - +1 helmet
rElec    .         Reflect  .   (no cloak)
rCorr    .         Harm     .   (no gloves)
MR       .....                  (no boots)
Stlth    +.........             x - amulet of inaccuracy (curse)
HPRegen  0.15/turn              (no ring)
MPRegen  0.10/turn              (no ring)

@: no status effects
A: hooves 1, spiny 1
a: no special abilities


You were on level 4 of the Dungeon.
You were not hungry.

You visited 2 branches of the dungeon, and saw 5 of its levels.

You collected 139 gold pieces.

Inventory:

Hand Weapons
 a - a +0 war axe
 h - a +0 hand axe of freezing (weapon)
Missiles
 d - 3 throwing nets (quivered)
 w - 10 tomahawks
Armour
 b - a +0 leather armour
 c - a +0 helmet
 p - a +0 scale mail
 q - a +0 buckler (worn)
 v - a +1 helmet (worn)
 y - a +0 leather armour of fire resistance (worn)
Jewellery
 x - a cursed amulet of inaccuracy (around neck)
Wands
 u - a wand of random effects (24)
Scrolls
 e - a scroll of random uselessness {unknown}
 k - a scroll of blinking {unknown}
 l - 3 scrolls of teleportation {unknown}
 m - a scroll of fear {unknown}
 s - 2 scrolls of remove curse {unknown}
 C - a scroll of enchant weapon {unknown}
 D - a scroll of enchant armour {unknown}
Potions
 i - a potion of invisibility {unknown}
 o - a potion of might {unknown}
 r - 2 potions of heal wounds {unknown}
 t - a potion of curing {unknown}
 A - a potion of haste {unknown}
 B - a potion of brilliance {unknown}
Comestibles
 f - 2 bread rations
 g - 3 royal jellies
 j - 2 fruits
 n - 2 meat rations
 z - 2 chunks of flesh


   Skills:
 + Level 3.0 Fighting
 + Level 5.2 Axes
 + Level 1.9 Throwing
 + Level 2.4 Armour
 + Level 3.3 Dodging
 + Level 0.8 Stealth
 + Level 0.7 Shields


You had 5 spell levels left.
You didn't know any spells.

Dungeon Overview and Level Annotations

Branches:
Dungeon (4/15)             Temple (1/1) D:4

Altars:
Dithmenos
Elyvilon
Gozag
Hepliaklqana
Kikubaaqudgha
Makhleb
Nemelex Xobeh
Qazlal
Ru
Sif Muna
Trog
Vehumet
Xom
Yredelemnul


Innate Abilities, Weirdness & Mutations

You have large cloven feet.
You are partially covered in sharp spines.


Message History

You hit the orc but do no damage. You hit the orc wizard.
You freeze the orc wizard.
The orc priest invokes the aid of Beogh against you.
Beogh smites you!
* * * LOW HITPOINT WARNING * * *
You block the orc's attack.
The orc wizard casts a spell.
The orc wizard blinks!
You hit the orc priest. You freeze the orc priest.
The orc priest is severely wounded.
You hit the orc. You freeze the orc.
You kill the orc!
The orc priest hits you with a whip.
* * * LOW HITPOINT WARNING * * *
You miss the orc priest. You kick the orc priest.
The orc priest is severely wounded.
The orc priest hits you but does no damage.
The orc wizard gestures at you while chanting.
The magic dart hits you!
You die...

##.## ###.# ##.##.## #.#
##.#.###....... #.#
##.#..^......... ##+#
#.###...#..⌠...⌠ #...#
##.#....#....... .....#
##.###......>.. ......#
#..####.......
......o####...###..⌠...⌠
......)@...............†
......)####...###.......
..o...# #..## ##.##.##
.....# #.... #.. #.#.
#...# ####....# #...
##+# .## ###. # #. #.


You could see an orc priest and an orc wizard.

Vanquished Creatures
  A centaur (D:3)
  2 orc wizards
  A bullfrog skeleton (D:4)
  Jessica (D:3)
  A worker ant (D:4)
  3 gnolls (D:2)
  8 adders
  An ooze (D:3)
  4 worms
  2 dart slugs
  A leopard gecko (D:2)
  8 orcs
  6 bats
  4 giant cockroaches
  10 hobgoblins
  9 jackals
  2 quokkas
  A ball python (D:3)
  6 frilled lizards
  6 goblins
  6 kobolds
  7 rats
90 creatures vanquished.

Notes
Turn   | Place    | Note
-------+----------+-------------------------------------------
     0 | D:1      | slep the Demonspawn Gladiator began the quest for the Orb.
     0 | D:1      | Reached XP level 1. HP: 16/16 MP: 1/1
   137 | D:1      | Reached skill level 3 in Axes
   137 | D:1      | Gained mutation: You have large cloven feet. [demonic ancestry]
   137 | D:1      | Reached XP level 2. HP: 15/22 MP: 2/2
   389 | D:2      | Reached XP level 3. HP: 20/28 MP: 3/3
   624 | D:2      | Reached skill level 1 in Armour
   629 | D:2      | Gained mutation: You are partially covered in sharp spines. [demonic ancestry]
   629 | D:2      | Reached XP level 4. HP: 21/34 MP: 4/4
   792 | D:2      | Found a deep blue altar of Sif Muna.
  1147 | D:2      | Reached skill level 4 in Axes
  1322 | D:3      | Reached XP level 5. HP: 29/39 MP: 5/5
  1365 | D:3      | Noticed Jessica
  1368 | D:3      | Killed Jessica
  1894 | D:3      | Found a shadowy altar of Dithmenos.
  1947 | D:3      | Noticed a centaur
  1959 | D:3      | Killed a centaur
  1959 | D:3      | Reached XP level 6. HP: 31/46 MP: 6/6
  2214 | D:4      | Found a staircase to the Ecumenical Temple.
  2235 | D:4      | Reached skill level 5 in Axes
  2237 | Temple   | Entered the Ecumenical Temple
  2434 | D:4      | HP: 1/47 [orc priest/whip (2)]
  2435 | D:4      | Killed from afar by an orc wizard

Vault maps used:
D:1:      sevenhm_arrival_forest_fort_small_3
D:2:      lemuel_blue_sif_altar
D:3:      kb_forest_paths, lemuel_coloured_pillars_altar,
          minmay_item_behind_shaft, uniq_jessica
D:4:      minmay_temple_entry_large_hall, first_bread
Temple:   nicolae_temple_hex_pool

Skill      XL: |  1  2  3  4  5  6 |
---------------+-------------------+-----
Axes           | 3 4 5 |  5.2
Dodging        | 3 |  3.3
Armour         | 1 2 |  2.4
Fighting       | 3 |  3.0
Throwing       | |  1.9
Stealth        | |  0.8
Shields        | |  0.7

Action                   |  1- 3 |  4- 6 || total
-------------------------+-------+-------++-------
Melee: War axe           |     9 |       ||     9
       Hand axe          |    66 |   121 ||   187
       Kick              |    10 |    29 ||    39
 Stab: Sleeping          |       |     1 ||     1
  Eat: Chunk             |       |     5 ||     5
Armor: Leather armour    |    18 |    13 ||    31
       Scale mail        |       |    33 ||    33
Dodge: Dodged            |    49 |    51 ||   100
Block: Buckler           |       |    21 ||    21

Table legend:
 A = Spawn XP
 B = Non-spawn XP
 C = Spawn XP percentage of total XP
 D = Spawn monster count
 E = Non-spawn monster count
 F = Spawn count percentage of total count
 G = Total turns spent on level
                    A         B        C        D         E        F      G
               +---------+---------+-------+---------+---------+-------+---------
         Total |       0 |     607 |   0.0 |       0 |      90 |   0.0 |  2435
               +---------+---------+-------+---------+---------+-------+---------
           D:1 |       0 |      27 |   0.0 |       0 |      17 |   0.0 |   345
           D:2 |       0 |     127 |   0.0 |       0 |      25 |   0.0 |   959
           D:3 |       0 |     299 |   0.0 |       0 |      35 |   0.0 |   858
           D:4 |       0 |     154 |   0.0 |       0 |      13 |   0.0 |   175
               +---------+---------+-------+---------+---------+-------+---------
